 Dungeon Crawl Stone Soup version 0.30-b1-2-g02819fbbbe (webtiles) character file.

Game seed: 13557212886009976942

(classic levelgen) 13678 EnegeticOcto the Severer (level 11, 0/102 HPs)
             Began as a Minotaur Fighter on May 9, 2023.
             Was an Initiate of Gozag.
             Slain by a two-headed ogre
             ... wielding a +0 giant club
              (25 damage)
             ... on level 11 of the Dungeon.
             The game lasted 00:04:47 (10016 turns).

EnegeticOcto the Severer (Minotaur Fighter)        Turns: 10016, Time: 00:04:48

Health: 0/102      AC: 18    Str: 26    XL:     11   Next: 78%
Magic:  10/10      EV:  9    Int:  5    God:    Gozag
Gold:   1642       SH: 11    Dex:  9    Spells: 10/10 levels left

rFire   . . .        a - +1 war axe
rCold   . . .        c - +0 buckler
rNeg    . . .        w - +1 chain mail
rPois   .            n - +2 hat
rElec   .            (no cloak)
rCorr   .            v - +2 pair of gloves
SInv    .            (no boots)
Will    .....        q - amulet of reflection Stlth
                     (no ring)
HPRegen 0.37/turn    (no ring)
MPRegen 0.12/turn

%: reflection
@: gold aura
A: horns 2, retaliatory headbutt, screaming 1
a: Renounce Religion, Potion Petition, Call Merchant, Bribe Branch


You were on level 11 of the Dungeon.
You worshipped Gozag.
Gozag was most pleased with you.
You visited 1 branch of the dungeon, and saw 11 of its levels.

You collected 1727 gold pieces.
You paid 85 gold pieces to Gozag.

Inventory:

Hand Weapons
 a - a +1 war axe (weapon)
Armour
 c - a +0 buckler (worn)
 n - a +2 hat (worn)
   (You found it on level 7 of the Dungeon)
 v - a +2 pair of gloves (worn)
   (You found it on level 7 of the Dungeon)
 w - a +1 chain mail (worn)
   (You found it on level 7 of the Dungeon)
Jewellery
 k - a ring of flight
   (You found it on level 11 of the Dungeon)
 q - an amulet of reflection (around neck)
   (You found it on level 3 of the Dungeon)
Wands
 l - a wand of digging (3) {@v3}
   (You found it on level 4 of the Dungeon)
 s - a wand of light (5) {@v1}
   (You took it off a wight on level 7 of the Dungeon)
 y - a wand of flame (8) {@v4}
   (You found it on level 10 of the Dungeon)
Scrolls
 g - 2 scrolls of blinking {@r4}
 x - 3 scrolls of teleportation {@r3}
 A - a scroll of enchant armour
Potions
 b - 2 potions of heal wounds {@q2}
 d - 3 potions of might {@q3}
 e - 2 potions of haste {@q4}
 f - 3 potions of curing {@q1}
 h - 3 potions of attraction
 i - a potion of magic
 j - 2 potions of berserk rage
 m - 2 potions of mutation
 p - a potion of invisibility {unknown}
 r - 5 potions of lignification {unknown}
 t - a potion of ambrosia {unknown}
 u - a potion of resistance {unknown}
 B - a potion of flight {unknown}


   Skills:
 + Level 11.3 Fighting
 * Level 15.0 Axes
 + Level 11.2 Armour
 + Level 11.4 Shields


You had 10 spell levels left.
You didn't know any spells.
Your spell library was empty.

Dungeon Overview and Level Annotations

Branches:
Dungeon (11/15)            Temple (0/1) D:7
   Lair: D:8-11         Orc: D:9-12

Altars:
Ashenzari
Cheibriados
Dithmenos
Elyvilon
Fedhas
Gozag
Hepliaklqana
Kikubaaqudgha
Makhleb
Nemelex Xobeh
Okawaru
Qazlal
Ru
Sif Muna
Trog
Uskayaw
Vehumet
Xom
Yredelemnul
Zin
The Shining One

Annotations:
D:6 3 runed translucent doors, greggregreg's ghost, novice FoHu


Innate Abilities, Weirdness & Mutations

You have a pair of horns on your head.
You reflexively headbutt those who attack you in melee.
You occasionally shout uncontrollably at your foes.


Message History

The centaur warrior simulacrum is severely damaged.
You slash the fire elemental! You slash the orc knight!
You barely miss the fire elemental.
You block the centaur warrior simulacrum's attack.
The centaur warrior simulacrum kicks you but does no damage.
The fire elemental hits you. The fire elemental burns you!
The fire elemental is distracted by your dazzling golden aura.
You slash the centaur warrior simulacrum!
The centaur warrior simulacrum vaporises!
You slash the fire elemental!
The fire elemental is no longer distracted by gold.
You slash the fire elemental! You closely miss the orc knight.
The yak is no longer distracted by gold.
The yak is engulfed in blazing flames.
The yak dies!
The orc knight is distracted by your dazzling golden aura.
You block the fire elemental's attack.
The orc knight shouts!
You slash the fire elemental!
You destroy the fire elemental!
The fire elemental disappears in a puff of smoke!
You slash the orc knight!
The orc knight is no longer distracted by gold.
You hit the fire elemental.
The two-headed ogre is no longer distracted by gold.
The yak is no longer distracted by gold. x2
The fire elemental closely misses you.
The yak is distracted by your dazzling golden aura.
The yak is engulfed in blazing flames.
The manticore is distracted by your dazzling golden aura.
The orc knight is distracted by your dazzling golden aura.
The manticore is no longer distracted by gold.
The deep elf pyromancer is no longer distracted by gold.
The yak is engulfed in blazing flames.
The yak dies!
The fire elemental closely misses you. You furiously retaliate!
You headbutt the fire elemental!
The two-headed ogre is distracted by your dazzling golden aura.
The two-headed ogre shouts in stereo!
You slash the fire elemental!
You destroy the fire elemental!
The fire elemental disappears in a puff of smoke!
The yak is engulfed in blazing flames.
The deep elf pyromancer is distracted by your dazzling golden aura.
The yak is engulfed in blazing flames.
You slash the deep elf pyromancer!
The deep elf pyromancer is no longer distracted by gold.
The deep elf pyromancer is moderately wounded.
The yak is no longer distracted by gold.
You slice the deep elf pyromancer!!
The deep elf pyromancer is almost dead.
The orc knight is no longer distracted by gold.
The deep elf pyromancer hits you with a +1 dagger of draining.
You feel drained.
You closely miss the deep elf pyromancer.
The deep elf pyromancer is almost dead.
The two-headed ogre is no longer distracted by gold.
The deep elf pyromancer hits you with a +1 dagger of draining.
You feel drained.
You hit the deep elf pyromancer.
The deep elf pyromancer is almost dead.
The deep elf pyromancer points at you and mumbles some strange words.
The sticky flame hits you but does no damage.
You are covered in liquid flames!
You barely miss the deep elf pyromancer.
Your headbutt misses the deep elf pyromancer.
The deep elf pyromancer is almost dead.
You are covered in liquid flames!
You hit the deep elf pyromancer.
You kill the deep elf pyromancer!
The fire elemental disappears in a puff of smoke!
You are covered in liquid flames!
Your life force feels restored.
Your Axes skill increases to level 15!
You slash the two-headed ogre! You headbutt the two-headed ogre!
The two-headed ogre is moderately wounded.
You are covered in liquid flames!
You block the two-headed ogre's attack.
The two-headed ogre hits you with a +0 giant club!!
You are too injured to fight recklessly!
You are too injured to fight recklessly!
You are too injured to fight recklessly!
You are too injured to fight recklessly!
You are too injured to fight recklessly!
You are too injured to fight recklessly!
You are too injured to fight recklessly!
You are too injured to fight recklessly!
You are too injured to fight recklessly!
You are too injured to fight recklessly!
You are too injured to fight recklessly!
You hit the two-headed ogre but do no damage.
The two-headed ogre is moderately wounded.
You hit the two-headed ogre.
You headbutt the two-headed ogre, but do no damage.
The two-headed ogre is heavily wounded.
The two-headed ogre hits you with a +0 giant club!!
* * * LOW HITPOINT WARNING * * *
The two-headed ogre hits you with a +0 giant club!!
You die...
Your body crumbles into a pile of gold.

##..#....##........##.....
#..#....##.########......
####..#....##.# ..##..../..
#.#8..###..#..# #.#.......
..##...##..#..#.###.lY..Y...
.^##...##..#..#.#Y..#°......
..##..))......##☼YYH#......Y
#.#8..####....###O####......
<.##...# #...###@#○# #.....
.....>)# #..##.#.#.# #....
.......###.###.#.#.# # ##u#
#.......##.#.#.#.#.#.# #.
##...##..#.#.#.#.#.#.#.#.#
#######(#.......)......#
#...#.#.#.#.#.#.#.#
###...#.#.#.#.#.#
#.....###.#.#.# # $


You could see a two-headed ogre, a manticore, a komodo dragon and 4 yaks.

Vanquished Creatures
  Erica (D:11)
  A centaur warrior (D:11)
  2 two-headed ogres (D:10)
  A tengu warrior (D:8)
  An orc knight (D:11)
  A deep elf pyromancer (D:11)
  An ugly thing (D:11)
  Joseph (D:8)
  A kobold demonologist (D:8)
  A troll (D:7)
  A spriggan (D:7)
  A centaur simulacrum (D:11)
  Sigmund (D:3)
  2 wyverns
  14 yaks
  2 acid dragons
  3 water moccasins
  2 orc warriors
  2 ice beasts
  A black bear (D:5)
  4 sky beasts
  2 ogres (D:5)
  2 centaurs
  A phantom (D:6)
  2 kobold brigands (D:8)
  2 gnoll sergeants
  4 scorpions
  4 wights (D:7)
  18 killer bees
  4 howler monkeys
  6 hounds
  5 orc priests
  2 sleepcaps
  A jelly (D:5)
  A gnoll bouda (D:9)
  2 iguanas
  Jessica (D:3)
  11 orc wizards
  13 gnolls
  9 adders
  A shadow imp (D:5)
  4 white imps
  A worm (D:2)
  3 dart slugs
  24 orcs
  4 endoplasms
  A giant cockroach (D:2)
  8 hobgoblins
  2 jackals (D:2)
  20 kobolds
  6 quokkas
  9 ball pythons
  3 bats
  3 frilled lizards
  7 goblins
  22 rats
  A spectral orc (D:7)
253 creatures vanquished.

Vanquished Creatures (others)
  2 yaks (D:11)
  27 plants (D:11)
29 creatures vanquished.

Grand Total: 282 creatures vanquished

Notes
Turn   | Place    | Note
-------+----------+-------------------------------------------
     0 | D:1      | EnegeticOcto the Minotaur Fighter began the quest for the
                  | Orb.
     0 | D:1      | Reached XP level 1. HP: 19/19 MP: 0/0
   179 | D:1      | Reached XP level 2. HP: 27/27 MP: 1/1
   240 | D:1      | Reached skill level 3 in Axes
   866 | D:2      | Reached XP level 3. HP: 33/33 MP: 2/2
  1239 | D:2      | Reached XP level 4. HP: 39/40 MP: 3/3
  1395 | D:3      | Found a faded altar of an unknown god.
  1484 | D:3      | Reached skill level 4 in Axes
  1594 | D:3      | Noticed Jessica
  1601 | D:3      | Killed Jessica
  1636 | D:3      | Noticed Sigmund
  1651 | D:3      | Killed Sigmund
  1652 | D:3      | Reached skill level 5 in Axes
  1652 | D:3      | Reached XP level 5. HP: 23/47 MP: 4/4
  1652 | D:3      | Reached XP level 6. HP: 27/55 MP: 5/5
  2026 | D:4      | Found a sparkling altar of Nemelex Xobeh.
  2057 | D:4      | Found a blossoming altar of Fedhas.
  2143 | D:4      | Found a white marble altar of Elyvilon.
  2265 | D:4      | Reached skill level 5 in Shields
  2409 | D:4      | Reached skill level 5 in Fighting
  2409 | D:4      | Reached skill level 5 in Armour
  2508 | D:4      | Found an ancient bone altar of Kikubaaqudgha.
  2610 | D:4      | Found a hazy altar of Hepliaklqana.
  2802 | D:5      | Entered Level 5 of the Dungeon
  2870 | D:5      | Noticed a water moccasin
  2877 | D:5      | Killed a water moccasin
  2879 | D:5      | Reached skill level 6 in Axes
  2921 | D:5      | Reached XP level 7. HP: 40/61 MP: 6/6
  3048 | D:5      | Found a broken altar of Ashenzari.
  3099 | D:5      | HP: 2/61 [scorpion (5)]
  3347 | D:5      | Found a shadowy altar of Dithmenos.
  3606 | D:5      | Reached skill level 7 in Axes
  3790 | D:6      | Found an iron altar of Okawaru.
  3797 | D:6      | Found an opulent altar of Gozag.
  3806 | D:6      | Reached XP level 8. HP: 60/70 MP: 7/7
  3811 | D:6      | Became a worshipper of Gozag Ym Sagoz the Greedy
  3902 | D:6      | Found a burning altar of Makhleb.
  3919 | D:6      | Reached skill level 8 in Axes
  3966 | D:6      | Found a runed translucent gate.
  3966 | D:6      | Found a runed translucent gate.
  3967 | D:6      | Found a runed translucent gate.
  3967 | D:6      | Found an opulent altar of Gozag.
  3970 | D:6      | Noticed a troll
  3970 | D:6      | Noticed greggregreg's ghost (novice FoHu)
  4261 | D:6      | Found a shimmering altar of Xom.
  4552 | D:7      | Noticed a troll
  4553 | D:7      | Reached skill level 12 in Axes
  4553 | D:7      | Reached XP level 9. HP: 83/83 MP: 8/8
  4561 | D:7      | Killed a troll
  4882 | D:7      | Reached XP level 10. HP: 91/91 MP: 9/9
  4882 | D:7      | Found a staircase to the Ecumenical Temple.
  5280 | D:7      | Found a basalt altar of Yredelemnul.
  5755 | D:8      | Found a snail-covered altar of Cheibriados.
  6014 | D:8      | Noticed a tengu warrior
  6026 | D:8      | Killed a tengu warrior
  6027 | D:8      | Reached skill level 13 in Axes
  6027 | D:8      | Reached skill level 10 in Shields
  6144 | D:8      | Gained mutation: You occasionally shout uncontrollably at
                  | your foes. [a neqoxec]
  6187 | D:8      | Found a radiant altar of Vehumet.
  6214 | D:8      | Reached skill level 10 in Armour
  6249 | D:8      | Noticed Joseph
  6256 | D:8      | Killed Joseph
  6257 | D:8      | Reached skill level 10 in Fighting
  6428 | D:8      | Found a sacrificial altar of Ru.
  6788 | D:9      | Found a bloodstained altar of Trog.
  6890 | D:9      | Found a glowing silver altar of Zin.
  6907 | D:9      | Found a stormy altar of Qazlal.
  7262 | D:9      | Reached XP level 11. HP: 72/101 MP: 10/10
  7628 | D:9      | Found a glowing golden altar of the Shining One.
  7876 | D:9      | Found a shimmering blue altar of Sif Muna.
  7950 | D:10     | Entered Level 10 of the Dungeon
  7999 | D:10     | Noticed a two-headed ogre
  8004 | D:10     | Killed a two-headed ogre
  8367 | D:10     | Found a hide-covered altar of Uskayaw.
  8407 | D:10     | Reached skill level 14 in Axes
  9042 | D:10     | Noticed a two-headed ogre
  9053 | D:10     | Killed a two-headed ogre
  9656 | D:11     | Noticed Erica
  9666 | D:11     | Killed Erica
  9681 | D:11     | Noticed a centaur warrior
  9694 | D:11     | Killed a centaur warrior
  9763 | D:11     | Noticed an orc knight
  9776 | D:11     | Killed an orc knight
  9957 | D:11     | Identified the +6 giant club "Murmur" {venom, Int+4}
  9971 | D:11     | Noticed a red ugly thing
  9983 | D:11     | Noticed a deep elf pyromancer
  9983 | D:11     | Noticed an orc knight
  9985 | D:11     | Noticed a two-headed ogre
  9986 | D:11     | Killed a red ugly thing
 10013 | D:11     | Killed a deep elf pyromancer
 10014 | D:11     | Reached skill level 15 in Axes
 10016 | D:11     | Slain by a two-headed ogre

Illustrated notes

Levels and vault maps discovered:
D:1:      wander_arrival_lonely_grave, layout_basic
D:2:      layout_basic, minivault_19, minmay_rat_hole
D:3:      layout_rooms, nicolae_ecumenical_pavilion, uniq_jessica, uniq_sigmund
D:4:      layout_loops_corners, nzn_hepliaklqana_mist_gate,
          nemelex_xobeh_ov_fountains_minmay, elyvilon_altar_3,
          kiku_gazebo_pond_becter, fedhas_ov_isle_minmay
D:5:      layout_basic, kennysheep_mini_moat, grunt_dithmenos_shadows
D:6:      layout_loops_ring, mainiacjoe_overflow_concentric_impassable,
          marbit_many_paths, grunt_temple_overflow_open, ebering_ghost_gozag
D:7:      layout_basic, yredelemnul_forgotten_temple_becter,
          minmay_temple_entry_hall, the_hattery
D:8:      layout_basic, lemuel_round_altar, nicolae_ru_the_path_less_chosen,
          amcnicky_altar_gilded, minmay_holes, minmay_three_doors, uniq_joseph
D:9:      layout_gridville, lemuel_blue_sif_altar, trog_butcher_becter,
          kennysheep_little_box, mainiacjoe_overflow_big_doors
D:10:     layout_layer_cave, mainiacjoe_overflow_surrounded_room
D:11:     minmay_the_grid_octo_tiled_squarecenter [minmay_the_grid_octo_empty,
          minmay_the_grid_octo_vomiting_pacman, minmay_the_grid_octo_focus,
          minmay_the_grid_octo_teeth,
          minmay_the_grid_square_5x5_megaprize_checkered,
          minmay_the_grid_square_5x5_slash, minmay_the_grid_square_5x5_shuriken,
          minmay_the_grid_square_5x5_inner_z,
          minmay_the_grid_square_5x5_inverted_slash], layout_rooms,
          david_lair_shrubbed, chequers_hall_statues_wall_a, uniq_grum,
          uniq_nergalle, uniq_erica

Skill      XL: |  1  2  3  4  5  6  7  8  9 10 11 |
---------------+----------------------------------+-----
Axes           | 3 5 6 7 12 13 15 | 15.0
Fighting       | 4 5 6 9 10 11 | 11.3
Armour         | 4 5 6 9 10 11 | 11.2
Shields        | 4 5 6 9 10 11 | 11.4

Action                     |  1- 3 |  4- 6 |  7- 9 | 10-12 || total
---------------------------+-------+-------+-------+-------++-------
  Melee: War axe           |   102 |    97 |   115 |   386 ||   700
         Headbutt          |    13 |    10 |    20 |    68 ||   111
    Use: Scroll            |       |     9 |     3 |    11 ||    23
         Potion            |       |       |     2 |       ||     2
   Stab: Distracted        |       |       |     1 |     5 ||     6
 Armour: Scale mail        |    48 |    29 |    29 |     4 ||   110
         Chain mail        |       |       |       |   165 ||   165
  Dodge: Dodged            |    35 |    55 |    50 |   111 ||   251
  Block: Buckler           |    17 |    39 |    58 |   188 ||   302
         Reflection        |       |     2 |     2 |    15 ||    19
